 Dungeon Crawl Stone Soup version 0.29-a0-194-g6e3aafee17 (webtiles) character file.

Game seed: 14289505122853198475

126 Zeldest the Skirmisher (level 4, -2/37 HPs)
             Began as a Mummy Chaos Knight on Feb 22, 2022.
             Was a Plaything of Xom.
             Slain by a mummy (11 damage)
             ... in an ossuary.
             The game lasted 00:02:36 (2961 turns).

Zeldest the Skirmisher (Mummy Chaos Knight)         Turns: 2961, Time: 00:02:37

Health: -2/37      AC:  9    Str: 17    XL:     4   Next: 84%
Magic:  4/4        EV: 11    Int: 11    God:    Xom [......]
Gold:   84         SH:  0    Dex: 11    Spells: 3/3 levels left

rFire   x . .      SeeInvis .   a - +0 hand axe (chaos)
rCold   + . .      Faith    .   (no shield)
rNeg    + + +      Spirit   .   b - +2 leather armour
rPois   ∞          Reflect  .   (no helmet)
rElec   .          Harm     .   h - +0 cloak
rCorr   .          Rampage  .   (no gloves)
Will    .....                   o - +2 pair of boots
Stlth   +.........              (no amulet)
HPRegen 0.12/turn               (no ring)
MPRegen 0.09/turn               (no ring)

@: no status effects
A: cold resistance 1, negative energy resistance 3, torment resistance 2, heat
vulnerability 1, no potions
a: Renounce Religion


You were in an ossuary.
You worshipped Xom.
You were a very special plaything of Xom.
You visited 1 branch of the dungeon, and saw 4 of its levels.
You also visited: Ossuary.

You collected 84 gold pieces.

Inventory:

Hand Weapons
 a - a +0 hand axe of chaos (weapon)
Armour
 b - a +2 leather armour (worn)
 h - a +0 cloak (worn)
 o - a +2 pair of boots (worn)
Jewellery
 p - a +6 ring of strength
Scrolls
 c - a scroll of immolation {unknown}
 d - a scroll of enchant weapon {unknown}
 e - 2 scrolls of identify {unknown}
 f - a scroll of vulnerability {unknown}
 g - a scroll of amnesia {unknown}
 i - a scroll of magic mapping {unknown}
 j - a scroll of brand weapon {unknown}
 k - a scroll of blinking {unknown}
 l - a scroll of teleportation {unknown}
 m - a scroll of fear {unknown}
 n - a scroll of fog {unknown}


   Skills:
 + Level 4.0 Fighting
 + Level 3.3 Axes
 + Level 2.7 Armour
 - Level 0.7 Dodging


You had 3 spell levels left.
You didn't know any spells.
Your spell library contained the following spells:

 Spells                   Type           Power      Damage    Failure   Level
 Gell's Gravitas          Tloc           0%         N/A       77%         3
 Teleport Other           Tloc           0%         N/A       77%         3
 Dispersal                Tloc           0%         N/A       100%        6


Dungeon Overview and Level Annotations

Branches:
Dungeon (4/15)            Ossuary (1/1)
 Temple: D:4-7

Altars:
Cheibriados
Dithmenos
Nemelex Xobeh

Shops:
D:1 :[   D:4 [


Innate Abilities, Weirdness & Mutations

You are immune to poison.
Your flesh is cold resistant. (rC+)
You are immune to negative energy. (rN+++)
You are immune to unholy pain and torment.
You are vulnerable to heat. (rF-)
You do not drink.


Message History

The orc zombie hits you.
The orc zombie hits you but does no damage.
You hit the hobgoblin zombie but do no damage.
The hobgoblin zombie is heavily damaged.
You hit the orc zombie.
You destroy the orc zombie!
You completely miss the orc zombie.
The hobgoblin zombie hits you but does no damage.
The orc zombie misses you.
You hit the hobgoblin zombie.
You destroy the hobgoblin zombie!
You hit the orc zombie. You burn the orc zombie.
You destroy the orc zombie! 2 mummies and a hobgoblin zombie come into view.
The orc zombie barely misses you. The mummy hits you.
The hobgoblin zombie moves out of view.
You hit the mummy.
The mummy seems to speed up.
The mummy is lightly damaged.
You hit the mummy but do no damage.
The mummy flickers and vanishes!
Deactivating autopickup; reactivate with Ctrl-A.
Xom is amused.
You barely miss the orc zombie. The orc zombie barely misses you.
Something hits you but does no damage. The mummy hits you!
You barely miss the mummy.
The mummy is lightly damaged.
You hit the orc zombie. You hit something.
The orc zombie blinks!
The mummy hits you but does no damage. Something hits you but does no damage.
You closely miss the mummy.
The mummy is lightly damaged.
You hit something. The mummy hits you.
You are too injured to fight recklessly!
You are too injured to fight recklessly!
You slash the mummy! You burn the mummy.
The mummy is severely damaged.
You hit something but do no damage. Something hits you!
* * * LOW HITPOINT WARNING * * *
A shower of butterflies erupts from you!
The mummy hits you!
You die...
Xom guffaws!

..............
.............
...........
#...MM...
#.....Z #..Z.#
#b.M{# #..@.#
#b.b.# #....#
#....# #....#
#....# #.∩∩.#
######


You could see 3 mummies, a hobgoblin zombie and an orc zombie.

Vanquished Creatures
  5 adders
  3 worms
  3 dart slugs
  An orc (D:3)
  5 endoplasms
  5 giant cockroaches
  7 goblins
  4 hobgoblins
  7 jackals
  2 quokkas
  5 ball pythons
  A bat (D:1)
  3 frilled lizards
  A hobgoblin zombie (Ossuary)
  4 kobolds
  2 kobold zombies (Ossuary)
  3 orc zombies (Ossuary)
  5 rats
66 creatures vanquished.

Notes
Turn   | Place    | Note
-------+----------+-------------------------------------------
     0 | D:1      | Zeldest the Mummy Chaos Knight began the quest for the Orb.
     0 | D:1      | Reached XP level 1. HP: 18/18 MP: 1/1
    31 | D:1      | Found a faded altar of an unknown god.
   232 | D:1      | XOM: silly message
   257 | D:1      | Reached XP level 2. HP: 15/24 MP: 2/2
   263 | D:1      | XOM: smoke on damage
   466 | D:1      | Found Rog Sukhli's Antique Armour Shop.
   614 | D:1      | XOM: silly message
   668 | D:1      | XOM: divination: detect items
  1083 | D:1      | Found Habbearr's Book Shop.
  1108 | D:1      | Reached XP level 3. HP: 29/29 MP: 3/3
  1621 | D:2      | XOM: confuse monster(s)
  1626 | D:2      | Reached XP level 4. HP: 10/37 MP: 4/4
  1631 | D:2      | XOM: 3-stop teleportation journey
  2330 | D:3      | Reached skill level 4 in Fighting
  2374 | D:3      | Found a shadowy altar of Dithmenos.
  2459 | D:3      | Found a sparkling altar of Nemelex Xobeh.
  2489 | D:3      | Found a snail-covered altar of Cheibriados.
  2594 | D:3      | XOM: noise
  2858 | D:4      | Found Tyamn's Antique Armour Boutique.
  2918 | D:4      | Found a sand-covered staircase.
  2945 | Ossuary  | Entered an ossuary
  2961 | Ossuary  | XOM: butterfly on damage
  2961 | Ossuary  | Slain by a mummy

Illustrated notes

Levels and vault maps discovered:
D:1:      saegor_arrival_simple_d, layout_basic, serial_shops,
          nicolae_shop_behind_doors, nicolae_shop_advertising_works
          [nicolae_subvault_shop_adworks], ebering_ecumenical_altar_ruins
D:2:      layout_basic
D:3:      layout_basic, lemuel_tele_altar, nemelex_diamond_rough_becter,
          kennysheep_slug_shrine
D:4:      layout_layer_cave, minmay_temple_entry_poolview,
          nicolae_ossuary_entry_monument, serial_shops, shop
Ossuary:  ossuary_tomb_3

Skill      XL: |  1  2  3  4 |
---------------+-------------+-----
Armour         | 2 |  2.7
Axes           | 3 |  3.3
Fighting       | 4 |  4.0
Dodging        | |  0.7

Action                   |  1- 3 |  4- 6 || total
-------------------------+-------+-------++-------
Melee: Hand axe          |   126 |    58 ||   184
       Punch             |     1 |       ||     1
 Stab: Paralysed         |     5 |       ||     5
       Petrifying        |       |     2 ||     2
Armor: Leather armour    |    73 |    29 ||   102
Dodge: Dodged            |    89 |    28 ||   117

Table legend: (Time is in decaauts)
 A = Elapsed time spent in this place.
 B = Non-inter-level travel time spent in this place.
 C = Inter-level travel time spent in this place.
 D = Time resting spent in this place.
 E = Time spent auto-exploring this place.
 F = Levels seen in this place.
 G = Mean time per level.
                   A        B        C        D        E       F      G
               +--------+--------+--------+--------+--------+-----+--------+
         Total |   2993 |   2885 |    108 |    594 |   1798 |   5 |  598.6 |
       Dungeon |   2976 |   2868 |    108 |    594 |   1797 |   4 |  744.0 |
       Ossuary |     17 |     17 |      0 |      0 |      1 |   1 |   17.0 |
               +--------+--------+--------+--------+--------+-----+--------+

Top non-repeatable levels by time:
     D:1: 1214 daAuts
     D:2: 950 daAuts
     D:3: 625 daAuts
     D:4: 185 daAuts
 Ossuary: 17 daAuts
